 Dungeon Crawl Stone Soup version 0.22.0-49-gab54619 (webtiles) character file.

143 riellis the Gusty (level 5, -2/28 HPs)
             Began as a Tengu Air Elementalist on Sept 4, 2018.
             Slain by an ogre
             ... wielding a +0 giant spiked club
              (13 damage)
             ... on level 3 of the Dungeon.
             The game lasted 00:14:18 (4231 turns).

riellis the Gusty (Tengu Air Elementalist)          Turns: 4231, Time: 00:14:18

Health: -2/28      AC:  2    Str:  9    XL:     5   Next: 25%
Magic:  6/9        EV: 13    Int: 16    God:
Gold:   138        SH:  0    Dex: 14    Spells: 2/8 levels left

rFire    . . .     SeeInvis .   (no weapon)
rCold    . . .     Gourm    .   (no shield)
rNeg     . . .     Faith    .   a - +0 robe
rPois    .         Spirit   .   (helmet restricted)
rElec    .         Reflect  .   (no cloak)
rCorr    .         Harm     .   (no gloves)
MR       .....                  (boots unavailable)
Stlth    ++........             (no amulet)
HPRegen  0.09/turn              m - ring of wizardry
MPRegen  0.11/turn              (no ring)

@: no status effects
A: beak, talons 3, able to fly 1
a: Fly


You were on level 3 of the Dungeon.
You were very hungry.

You visited 1 branch of the dungeon, and saw 3 of its levels.

You collected 138 gold pieces.

Inventory:

Hand Weapons
 f - a +1 spear of piercing
 o - a +0 blowgun
Missiles
 b - 8 javelins (quivered)
 q - 5 curare-tipped needles
Armour
 a - a +0 robe (worn)
Jewellery
 h - a cursed ring of teleportation {unknown}
 m - a ring of wizardry (left hand)
Wands
 n - a wand of disintegration (9)
Scrolls
 d - a scroll of fog {unknown}
 e - a scroll of magic mapping {unknown}
 i - 2 scrolls of teleportation {unknown}
 j - 2 scrolls of remove curse {unknown}
 k - a scroll of fear {unknown}
 l - a scroll of immolation {unknown}
Potions
 g - a potion of agility
 p - a potion of haste {unknown}
Comestibles
 c - 9 rations


   Skills:
 + Level 3.5 Dodging
 + Level 3.4 Stealth
 * Level 2.2 Spellcasting
 - Level 4.0 Conjurations
 - Level 4.0 Air Magic


You had 2 spell levels left.
You knew the following spells:

 Your Spells              Type           Power        Failure   Level  Hunger
a - Shock                 Conj/Air       ##..         1%          1    #......
b - Swiftness             Chrm/Air       #.......     6%          2    ###....
c - Static Discharge      Conj/Air       ##......     4%          3    ###....

Your spell library contained the following spells:

 Spells                   Type           Power        Failure   Level  Hunger
 Airstrike                Air            ##........   16%         4    #####..
 Lightning Bolt           Conj/Air       ##........   38%         5    ######.


Dungeon Overview and Level Annotations

Branches:
Dungeon (3/15)

Altars:
Ashenzari
Nemelex Xobeh
Sif Muna
Wu Jian
Zin


Innate Abilities, Weirdness & Mutations

You have a beak for a mouth.
You have claws for feet.
You can fly.


Message History

Casting: Static Discharge (safe; 4% risk of failure)
Confirm with . or Enter, or press ? or * to list all spells.
The goblin is struck by lightning.
You kill the goblin!
The lightning arcs!
You are struck by lightning.
The lightning grounds out.
A goblin comes into view.
A goblin comes into view. It is wielding a club.
Casting: Static Discharge (safe; 4% risk of failure)
Confirm with . or Enter, or press ? or * to list all spells.
The goblin is struck by lightning.
You kill the goblin!
The lightning grounds out.
You are feeling very hungry.
The ogre barely misses you.
The ogre hits you with a giant spiked club!!
Ouch! That really hurt!
You open the door.
There is an open door here.
The ogre hits you with a giant spiked club!
You die...

.........# #.#
...........# #.#
.........<.###.#
.........#..##.##
.........+......#
.........##>.#..#
.........###....#
.........+......#
.......@.###....#
#######O#..<#..)#
#g#.#.#...#
#.#.#.#...#
#.#.###.>.#
#.#.......#
#.#####...# ##..#
######.######..#
#..._
#..............#
#...#


You could see an ogre and a goblin.

Vanquished Creatures
  4 adders (D:2)
  An ooze (D:3)
  5 worms
  6 dart slugs
  A leopard gecko (D:1)
  4 giant cockroaches
  6 hobgoblins
  4 jackals
  2 quokkas (D:2)
  2 ball pythons (D:2)
  2 bats
  3 frilled lizards
  16 goblins
  A jackal skeleton (D:2)
  9 kobolds
  8 rats
74 creatures vanquished.

Notes
Turn   | Place    | Note
-------+----------+-------------------------------------------
     0 | D:1      | riellis the Tengu Air Elementalist began the quest for the
                  | Orb.
     0 | D:1      | Reached XP level 1. HP: 10/10 MP: 4/4
   403 | D:1      | Reached XP level 2. HP: 15/15 MP: 0/6
   933 | D:1      | Reached XP level 3. HP: 14/19 MP: 3/7
   937 | D:1      | Learned a level 2 spell: Swiftness
   941 | D:1      | Learned a level 3 spell: Static Discharge
  2189 | D:2      | Found a deep blue altar of Sif Muna.
  2251 | D:2      | Reached XP level 4. HP: 16/24 MP: 0/8
  2535 | D:2      | Found a glowing silver altar of Zin.
  2924 | D:2      | Found a sparkling altar of Nemelex Xobeh.
  2924 | D:2      | Found an ornate altar of the Wu Jian Council.
  3716 | D:3      | Gained mutation: You can fly. [Tengu growth]
  3716 | D:3      | Reached XP level 5. HP: 28/28 MP: 4/9
  3904 | D:3      | HP: 1/28 [poisoned by kobold (curare-tipped needle)]
  4029 | D:3      | Found a shattered altar of Ashenzari.
  4174 | D:3      | Noticed an ogre
  4231 | D:3      | Slain by an ogre

Skill      XL: |  1  2  3  4 |
---------------+-------------+-----
Conjurations   | 2 3 4 |  4.0
Dodging        | 3 |  3.5
Stealth        | 3 |  3.4
Spellcasting   | |  2.2
Air Magic      | |  4.0

Action                   |  1- 3 |  4- 6 || total
-------------------------+-------+-------++-------
Melee: Unarmed           |    15 |     9 ||    24
       Kick              |     5 |     2 ||     7
       Peck              |       |     1 ||     1
Throw: Javelin           |     5 |     4 ||     9
 Cast: Shock             |    69 |    87 ||   156
       Static Discharge  |       |     3 ||     3
       Swiftness         |       |     1 ||     1
  Use: Potion            |       |     3 ||     3
 Stab: Sleeping          |     2 |       ||     2
  Eat: Chunk             |     4 |     8 ||    12
Armor: Robe              |     6 |    10 ||    16
       Skin              |       |     1 ||     1
Dodge: Dodged            |    20 |    27 ||    47
